 Dungeon Crawl Stone Soup version 0.27-a0-334-g52645efa06 (webtiles) character file.

Game seed: 5038310913664790203

42 sahdkjhfkaj the Insei (level 3, 0/17 HPs)
             Began as a Vine Stalker Transmuter on Feb 13, 2021.
             Succumbed to an adder's poison
             ... on level 2 of the Dungeon.
             The game lasted 00:02:33 (2057 turns).

sahdkjhfkaj the Insei (Vine Stalker Transmuter)     Turns: 2057, Time: 00:02:33

Health: 0/17       AC:  2    Str:  9 (12) XL:     3   Next: 54%
Magic:  3/7        EV: 12    Int: 10 (13) God:
Gold:   97         SH:  0    Dex: 14 (15) Spells: 0/6 levels left

rFire    . . .     SeeInvis .     - Unarmed
rCold    . . .     Faith    .   (no shield)
rNeg     . . .     Spirit   +   a - +0 robe
rPois    .         Reflect  .   (no helmet)
rElec    .         Harm     .   (no cloak)
rCorr    .         Rampage  .   (no gloves)
Will     .....                  (no boots)
Stlth    +.........             (no amulet)
HPRegen  0.05/turn              (no ring)
MPRegen  0.10/turn              (no ring)

@: lethally poisoned (0 -> -5), very slightly contaminated, invisible
A: fangs 2, magic shield, antimagic bite, no potion heal 3
a: no special abilities


You were on level 2 of the Dungeon.
You visited 1 branch of the dungeon, and saw 2 of its levels.

You collected 97 gold pieces.

Inventory:

Armour
 a - a +0 robe (worn)
Scrolls
 c - a scroll of random uselessness {unknown}
 d - a scroll of immolation {unknown}
 e - 2 scrolls of identify {unknown}
 f - 2 scrolls of teleportation {unknown}


   Skills:
 - Level 0.8 Fighting
 - Level 1.5 Dodging
 - Level 3.8 Unarmed Combat
 + Level 2.4 Spellcasting
 - Level 2.5 Transmutations
 + Level 0.7 Poison Magic


You couldn't memorise any spells.
You knew the following spells:

 Your Spells              Type           Power        Failure   Level
a - Beastly Appendage     Tmut           12%          11%         1
w - Wereblood             Tmut           6%           16%         2
x - Spider Form           Tmut/Pois      2%           43%         3

Your spell library contained the following spells:

 Spells                   Type           Power        Failure   Level
 Ice Form                 Ice/Tmut       3%           87%         4
 Blade Hands              Tmut           3%           96%         5


Dungeon Overview and Level Annotations

Branches:
Dungeon (2/15)

Altars:


Innate Abilities, Weirdness & Mutations

You have extremely sharp teeth.
When hurt, damage is shared between your health and your magic reserves.
Your bite disrupts and absorbs the magic of your enemies.
Potions cannot restore your health.


Message History

Your magical contamination has completely faded away.
The quokka closely misses you. The adder bites you.
You are poisoned.
The adder poisons you!
You feel sick.
Unknown command.
Okay, then.
You aren't carrying any items that you can evoke.
You closely miss the adder. You claw the adder. Your bite misses the adder.
The adder is severely wounded.
The adder bites you.
You are lethally poisoned!
The adder poisons you!
You closely miss the adder. You headbutt the adder.
You kill the adder!
Unknown command.
You hit the quokka.
You kill the quokka!
You feel sick.
Unknown command.
It was a potion of degeneration.
There was something very wrong with that liquid.
You feel weakened.
You feel dopey.
You feel clumsy. The leopard gecko bites you.
* * * LOW HITPOINT WARNING * * *
It was a potion of invisibility.
You fade into invisibility!
* * * LOW HITPOINT WARNING * * *
You feel sick. The leopard gecko bites you.
* * * LOW HITPOINT WARNING * * *
You are very lightly contaminated with residual magic.
Unknown command.
Your horns disappear.
Your talons disappear.
The leopard gecko misses you.
* * * LOW HITPOINT WARNING * * *
You feel sick.
You die...

.......####.. .....
........##.##.......# .
......#.............#
......#...............
........#.....#..#......#
....##.............#..#.#.
.......#..#...###..#.......
.........###................
.....!........l.@............
.....#######............#....
..... #...........#.#....
.... #..........#._.#... ....
#...........#.#.... ###
#............#.....
.>...................
..#........#.........# #
#.....#####รท........


You could see a leopard gecko.

Vanquished Creatures
  An adder (D:2)
  A ball python (D:2)
  10 bats
  4 goblins (D:1)
  4 hobgoblins (D:1)
  A quokka (D:2)
  A frilled lizard (D:1)
  4 kobolds (D:1)
  3 rats (D:1)
29 creatures vanquished.

Notes
Turn   | Place    | Note
-------+----------+-------------------------------------------
     0 | D:1      | sahdkjhfkaj the Vine Stalker Transmuter began the quest for
                  | the Orb.
     0 | D:1      | Reached XP level 1. HP: 9/9 MP: 4/4
   455 | D:1      | Reached XP level 2. HP: 14/14 MP: 6/6
   473 | D:1      | Learned a level 2 spell: Wereblood
  1527 | D:2      | Found a faded altar of an unknown god.
  1560 | D:1      | Reached XP level 3. HP: 4/17 MP: 3/7
  1833 | D:1      | Learned a level 3 spell: Spider Form
  2057 | D:2      | Succumbed to an adder's poison

Illustrated notes

Levels and vault maps discovered:
D:1:      matt_arrival_los_fun, layout_basic, serial_co_window_serial,
          co_window_paths_a, co_window_corner_a, co_window_paths_a,
          co_window_corner_a, co_window_cross_1, co_window_cross_4,
          co_window_corner_ca, co_window_broadway_c, co_window_corner_cb,
          co_window_corner_ca
D:2:      layout_rooms, lemuel_coloured_pillars_altar,
          chequers_ecumenical_altar_simple_redux

Action                   || total
-------------------------++-------
Melee: Unarmed           ||    88
       Bite              ||    12
       Headbutt          ||     8
       Kick              ||     5
 Cast: Beastly Appendage ||    10
  Use: Potion            ||     2
Armor: Robe              ||    48
Dodge: Dodged            ||    78

Table legend: (Time is in decaauts)
 A = Elapsed time spent in this place.
 B = Non-inter-level travel time spent in this place.
 C = Inter-level travel time spent in this place.
 D = Time resting spent in this place.
 E = Time spent auto-exploring this place.
 F = Levels seen in this place.
 G = Mean time per level.
                   A        B        C        D        E       F      G
               +--------+--------+--------+--------+--------+-----+--------+
         Total |   2052 |   1969 |     83 |    249 |   1493 |   2 | 1026.0 |
       Dungeon |   2052 |   1969 |     83 |    249 |   1493 |   2 | 1026.0 |
               +--------+--------+--------+--------+--------+-----+--------+

Top non-repeatable levels by time:
     D:1: 1997 daAuts
     D:2: 54 daAuts
